 Dungeon Crawl Stone Soup version 0.31-a0-700-gf13585253f (webtiles) character file.

Game seed: 6456831476901744778

69 qw the Shooter (level 4, -2/28 HPs)
             Began as a Gargoyle Hunter on Sept 7, 2023.
             Slain by a gnoll
             ... wielding a +0 halberd
              (10 damage)
             ... on level 2 of the Dungeon.
             The game lasted 00:00:21 (870 turns).

qw the Shooter (Gargoyle Hunter)                     Turns: 870, Time: 00:00:21

Health: -2/28      AC:  9    Str: 14    XL:     4   Next: 20%
Magic:  4/4        EV: 11    Int: 10    God:
Gold:   82         SH:  0    Dex: 15    Spells: 3/3 levels left

rFire   . . .        Y - +0 shortbow
rCold   . . .        (shield currently unavailable)
rNeg    + . .        c - +0 leather armour
rPois   inf          (no helmet)
rElec   +            (no cloak)
rCorr   .            h - +2 pair of gloves
SInv    .            (no boots)
Will    .....        (no amulet)
Stlth   ++           (no ring)
HPRegen 0.24/turn    (no ring)
MPRegen 0.09/turn

%: no passive effects
@: no status effects
A: sickness immunity, AC +3, negative energy resistance 1, electricity
resistance, torment resistance 1, petrification resistance
a: no special abilities


You were on level 2 of the Dungeon.
You visited 1 branch of the dungeon, and saw 2 of its levels.

You collected 82 gold pieces.


Innate Abilities, Weirdness & Mutations

You are immune to sickness and miasma.
Your stone body is resilient. (AC +3)
You are immune to poison.
You resist negative energy. (rN+)
You are resistant to electric shocks. (rElec)
You are resistant to unholy torment.
You are immune to petrification.


   Skills:
 - Level 3.1 Fighting
 + Level 5.2 Ranged Weapons
 - Level 1.5 Dodging
 - Level 1.1 Stealth


You had 3 spell levels left.
You didn't know any spells.
Your spell library was empty.

Inventory:

Hand Weapons
 Y - a +0 shortbow (weapon)
Armour
 c - a +0 leather armour (worn)
 h - a +2 pair of gloves (worn)
Scrolls
 a - 3 scrolls of enchant armour
Potions
 d - a potion of degeneration {unknown}
 f - a potion of brilliance {unknown}
 g - a potion of attraction {unknown}

Dungeon Overview and Level Annotations

Branches:
Dungeon (2/15)

Altars:


Message History

The gnoll misses you.
Your Fighting skill increases to level 3!
You have reached level 4!
You feel clever.
You shoot an arrow. The arrow barely misses the gnoll.
The gnoll hits you but does no damage. The gnoll barely misses you.
The gnoll completely misses you.
You shoot an arrow. The arrow completely misses the gnoll.
The gnoll hits you but does no damage. The gnoll completely misses you.
You shoot an arrow. The arrow hits the gnoll.
The gnoll is lightly wounded.
The gnoll hits you but does no damage. x2
You shoot an arrow. The arrow barely misses the gnoll.
The gnoll barely misses you. The gnoll hits you with a +0 club.
You shoot an arrow. The arrow hits the gnoll.
The gnoll is heavily wounded.
The gnoll hits you with a +0 club.
The gnoll hits you from afar with a +0 halberd.
You shoot an arrow. The arrow barely misses the gnoll.
The gnoll hits you but does no damage. The gnoll closely misses you.
You shoot an arrow. The arrow hits the gnoll.
The gnoll is almost dead.
The gnoll barely misses you. The gnoll hits you with a +0 club.
The gnoll barely misses you. The gnoll hits you but does no damage.
You shoot an arrow. The arrow hits the gnoll.
The gnoll is almost dead.
The gnoll barely misses you. The gnoll closely misses you.
You shoot an arrow. The arrow barely misses the gnoll.
The gnoll closely misses you. The gnoll hits you but does no damage.
You shoot an arrow. The arrow closely misses the gnoll.
The gnoll hits you from afar with a +0 halberd.
The gnoll misses you.
You shoot an arrow. The arrow hits the gnoll.
You kill the gnoll!
The gnoll hits you from afar with a +0 halberd.
You shoot an arrow. The arrow barely misses the gnoll.
The gnoll closely misses you.
You shoot an arrow. The arrow barely misses the gnoll.
The gnoll closely misses you.
The gnoll hits you from afar with a +0 halberd!
You die...

# # #. g#
#.###g#
#.g..#
#)## ###
##@#
#.###.##
###..#.##
#.#.#..#
#....#.#
#......#
##...###
##.##
#.##


You could see a gnoll.

Vanquished Creatures
  3 gnolls (D:2)
  2 adders (D:2)
  3 ball pythons (D:2)
  An endoplasm (D:1)
  3 goblins (D:2)
  2 hobgoblins
  A quokka (D:1)
  3 bats
  A frilled lizard (D:1)
  4 kobolds (D:1)
  2 rats
25 creatures vanquished.

Notes
Turn   | Place    | Note
-------+----------+-------------------------------------------
     0 | D:1      | qw the Gargoyle Hunter began the quest for the Orb.
     0 | D:1      | Reached XP level 1. HP: 12/12 MP: 1/1
     0 | D:1      | 0 ||| qw: Version: 0.3-a-76-g4403597
     0 | D:1      | 0 ||| qw: Game counter: 695
     0 | D:1      | 0 ||| qw: Melee chars always use a shield: true
     0 | D:1      | 0 ||| qw: God list: Okawaru
     0 | D:1      | 0 ||| qw: Allow faded altars: false
     0 | D:1      | 0 ||| qw: Do Orc after clearing Dungeon:15 true
     0 | D:1      | 0 ||| qw: Do second Lair branch before Depths: true
     0 | D:1      | 0 ||| qw: Lair rune preference: random
     0 | D:1      | 0 ||| qw: Goals: Normal
     0 | D:1      | 0 ||| PLANNING D:1-11
   242 | D:1      | Reached XP level 2. HP: 17/17 MP: 2/2
   491 | D:1      | 491 ||| UPGRADING to +2 pair of gloves.
   496 | D:1      | 496 ||| READING 4 scrolls labelled ZOUVEYKHIB.
   497 | D:1      | 497 ||| DROPPING scroll of butterflies.
   728 | D:2      | Reached XP level 3. HP: 20/21 MP: 3/3
   744 | D:2      | Reached skill level 5 in Ranged Weapons
   850 | D:2      | 850 ||| Stepping ~*~*~tactically~*~*~ (retreating).
   855 | D:2      | 855 ||| Stepping ~*~*~tactically~*~*~ (retreating).
   858 | D:2      | Reached skill level 3 in Fighting
   858 | D:2      | Reached XP level 4. HP: 27/28 MP: 4/4
   870 | D:2      | Slain by a gnoll

Levels and vault maps discovered:
D:1:      lightli_arrival_statuegarden, layout_basic
D:2:      layout_loops_ring, st_stairs_9, kennysheep_cluttered_room,
          minmay_misc_feat_rugged, minmay_rat_gold_closets

Skill      XL: |  1  2  3 |
---------------+----------+-----
Ranged Weapons | 5 |  5.2
Fighting       | 3 |  3.1
Dodging        | |  1.5
Stealth        | |  1.1

Action                     |  1- 3 |  4- 6 || total
---------------------------+-------+-------++-------
   Fire: Shortbow          |    77 |    13 ||    90
    Use: Scroll            |     1 |       ||     1
 Armour: Leather armour    |    26 |    14 ||    40
  Dodge: Dodged            |    21 |    13 ||    34

Table legend:
 A = Non-vault XP
 B = Vault XP
 C = Vault XP percentage of total XP
 D = Non-vault monster count
 E = Vault monster count
 F = Vault count percentage of total count
                 A         B        C        D         E       F
            +---------+---------+-------+---------+---------+-------
      Total |      96 |       3 |   3.0 |      23 |       2 |   8.0
            +---------+---------+-------+---------+---------+-------
        D:1 |      14 |       0 |   0.0 |      10 |       0 |   0.0
        D:2 |      82 |       3 |   3.5 |      13 |       2 |  13.3
            +---------+---------+-------+---------+---------+-------
